Unix NetHack Version 5.0.0-0 post-release - last build May 17 2026 04:57:42 (dc50c8380fa5e20985bfe3072449f57b8d9895ef,branch:main).

Game began 2026-05-18 08:19:30, ended 2026-05-18 08:30:24.

ArrBianca, lawful female dwarven Archeologist

   --.
   |...
   ....-       ----
   ....|      --..|
   ....-      |...--.--
   .....     --.......--
   .....    ............--
   -....G  .....    ......
   ............      .....
   -..........         ...
   ---...(Gr.-         ...                                            G
     |......@.         ...
     ---------         |...----
                       |......--
                       --(..<..|
                        --.....-

ArrBianca the Field Worker  St:10 Dx:10 Co:13 In:15 Wi:16 Ch:12  Lawful
Dlvl:5  $:314 HP:0(25) Pw:10(10) AC:5  Xp:3 T:1617  Burdened

Latest messages:
 As you kick the door, it crashes open!
 You find a hidden passage.
 You find a teleportation trap.
 Something is written here in the dust.
 You read: "ac  er   un".
 You see here a statue of a gnome.
 The door opens.
 You hear the chime of a cash register.
 You fall down the stairs.
 What do you want to use or apply? [ae-hkpAG or ?*] ?
 The lamp spills and covers your fingers with oil.
 Your whip slips from your hand.
 You have a little trouble lifting a - a +2 bullwhip.
 What do you want to wield? [- aem or ?*] a
 a - a +2 bullwhip (weapon in right hand).
 Your whip slips from your hand.
 Autopickup: OFF.
 Showing known terrain only...
 (For instructions type a '?')
 Automatic description of features under cursor is off.
 Move cursor to anything of interest:
 Done.
 Your face is already clean.
 There is nothing here to pick up.
 There is a branch staircase up to the Dungeons of Doom here.
 You see here a +2 bullwhip.
 You have a little trouble lifting a - a +2 bullwhip.
 What do you want to wield? [- aem or ?*] a
 a - a +2 bullwhip (weapon in right hand).
 Your whip slips from your hand.
 You have a little trouble lifting a - a +2 bullwhip.
 What do you want to drop? [$ac-kmo-qsuxzABGH or ?*] ?
 You drop a cursed lamp.
 What do you want to wield? [- aem or ?*] a
 a - a +2 bullwhip (weapon in right hand).
 You feel agile!
 You must have been working on your reflexes.
 You feel tough!
 You must have been leading a healthy life-style.
 The rabid rat bites!
 You miss the rabid rat.
 The rabid rat bites!
 The rabid rat bites!
 You miss the rabid rat.
 The rabid rat bites!
 The rabid rat's bite was poisoned!
 You die...
 Do you want an account of creatures vanquished? [ynaq] (y) n
 Do you want to see your conduct and achievements? [ynq] (y) n
 Do you want to see the dungeon overview? [ynq] (y) n

Inventory:
 Coins    ('$')
  $ - 314 gold pieces
 Weapons  (')')
  m - 7 blessed +1 shuriken (at the ready)
  a - a +2 bullwhip (weapon in right hand)
 Armor    ('[')
  c - an uncursed +0 fedora (being worn)
  z - an uncursed +0 oilskin cloak (being worn)
  B - an uncursed +0 scale mail (being worn)
 Comestibles  ('%')
  d - 2 uncursed food rations
  i - an uncursed fortune cookie
  H - an uncursed sprig of wolfsbane
  j - 2 uncursed tripe rations
  x - 3 uncursed homemade tins of jackal meat
  u - an uncursed homemade tin of sewer rat meat
 Scrolls  ('?')
  o - an uncursed scroll of teleportation
 Spellbooks  ('+')
  p - an uncursed spellbook of charm monster
 Potions  ('!')
  s - an uncursed potion of levitation
  q - an uncursed potion of sickness
 Wands    ('/')
  G - a wand of lightning (0:5)
 Tools    ('(')
  h - an uncursed sack containing 1 item
  A - an empty uncursed sack
  e - a +0 pick-axe (alternate weapon; not wielded)
  f - a tinning kit (0:44)
 Gems/Stones  ('*')
  g - an uncursed touchstone

Contents of the sack:
  an uncursed obsidian stone

ArrBianca the Archeologist's attributes:

Background:
 You were a Field Worker, a level 3 female dwarven Archeologist.
 You were lawful, on a mission for Quetzalcoatl
 who was opposed by Camaxtli (neutral) and Huhetotl (chaotic).
 You were right-handed.
 You were in the Gnomish Mines, on level 5.
 You entered the dungeon 1617 turns ago.
 There was a new moon in effect when your adventure ended.
 You had 41 experience points, 39 more were needed to attain level 4.

Basics:
 You had 0 out of 25 hit points.
 You had all 10 energy points (spell power).
 Your armor class was 5.
 Your wallet contained 314 zorkmids.
 Autopickup was off.

Final Characteristics:
 Your strength was 10 (limit:18/100).
 Your dexterity was 10 (limit:20).
 Your constitution was 13 (limit:20).
 Your intelligence was 15 (limit:16).
 Your wisdom was 16 (limit:16).
 Your charisma was 12 (limit:16).

Final Status:
 You weren't hungry.
 You were burdened; movement was slightly slowed.
 You were wielding a whip.
 You had basic skill with whip.

Final Attributes:
 You were devoutly aligned.
 You had automatic searching.
 You had infravision.
 You were guarded.
 Your spell casting was impaired by metallic armor.
 You were lucky.
 You are dead.

Miscellaneous:
 You didn't encounter any bones levels.
 Total elapsed playing time was 10 minutes and 54 seconds.

Major events:
 Turn
    1: ArrBianca the lawful female dwarven Archeologist entered the dungeon
 1326: attained the rank of Field Worker (level 3)
 1501: entered the Gnomish Mines
 1617: killed by a rabid rat

Spells:
 Name                 Level Category     Fail Retention
 charm monster          5   enchantment  100%  76%-100%

Skills:
 Fighting Skills
   bare handed combat [Unskilled]
   two weapon combat  [Unskilled]
   riding             [Unskilled]
 Weapon Skills
   dagger             [Unskilled]
   knife              [Unskilled]
   pick-axe           [Basic]
   short sword        [Unskilled]
   saber              [Unskilled]
   club               [Unskilled]
   quarterstaff       [Unskilled]
   sling              [Unskilled]
   dart               [Unskilled]
   boomerang          [Unskilled]
   whip               [Basic]
   unicorn horn       [Unskilled]
 Spellcasting Skills
   attack spells      [Unskilled]
   healing spells     [Unskilled]
   divination spells  [Unskilled]
   matter spells      [Unskilled]

Voluntary challenges:
 Character rerolling was not enabled.
 You never had a pet.
 You never genocided any monsters.
 You never polymorphed an object.
 You never changed form.
 You used no wishes.
Achievements:
 You attained the rank of Field Worker.
 You entered the Gnomish Mines.

 The Dungeons of Doom: levels 1 to 4
    Level 1:
       An altar to Quetzalcoatl, a fountain.
    Level 2:
       A fountain.
    Level 3:
    Level 4:
       Stairs down to The Gnomish Mines.
 The Gnomish Mines:
    Level 5: <- You were here.
       Final resting place for
          you, killed by a rabid rat.


Vanquished creatures:
  a gas spore
  a giant rat
  2 geckos
  7 jackals
  a fox
  a goblin
  3 sewer rats
  4 grid bugs
  a kobold zombie
  4 newts
25 creatures vanquished.

No species were genocided or became extinct.

Game over:
                       ----------
                      /          \
                     /    REST    \
                    /      IN      \
                   /     PEACE      \
                  /                  \
                  |    ArrBianca     |
                  |      314 Au      |
                  |   killed by a    |
                  |    rabid rat     |
                  |                  |
                  |                  |
                  |       2026       |
                 *|     *  *  *      | *
        _________)/\\_//(\/(/\)/\//\/|_)_______

Goodbye ArrBianca the Archeologist...

You died in The Gnomish Mines on dungeon level 5 with 647 points,
and 314 pieces of gold, after 1617 moves.
You were level 3 with a maximum of 25 hit points when you died.

